 Dungeon Crawl Stone Soup version 0.24-a0-201-gf205589 (webtiles) character file.

Game seed: 14320218414878024543

25 Borgoz the Chucker (level 3, 37/37 HPs)
             Began as an Ogre Hunter on Mar 24, 2019.
             Quit the game on level 1 of the Dungeon.
             The game lasted 00:02:07 (1178 turns).

Borgoz the Chucker (Ogre Hunter)                    Turns: 1178, Time: 00:02:07

Health: 37/37      AC:  3    Str: 16    XL:     3   Next: 4%
Magic:  3/3        EV: 10    Int: 12    God:
Gold:   41         SH:  0    Dex: 10    Spells: 2/2 levels left

rFire    . . .     SeeInvis .   a - +0 short sword
rCold    . . .     Gourm    .   (no shield)
rNeg     . . .     Faith    .   b - +0 robe
rPois    .         Spirit   .   (helmet restricted)
rElec    .         Reflect  .   (no cloak)
rCorr    .         Harm     .   (gloves unavailable)
MR       .....                  (boots unavailable)
Stlth    +.........             (no amulet)
HPRegen  0.12/turn              (no ring)
MPRegen  0.08/turn              (no ring)

@: no status effects
A: large, unfitting armour, tough skin 1
a: no special abilities


You were on level 1 of the Dungeon.
You were not hungry.

You visited 1 branch of the dungeon, and saw 1 of its levels.

You collected 41 gold pieces.

Inventory:

Hand Weapons
 a - a +0 short sword (weapon)
 k - a +0 dagger of speed
Missiles
 c - 4 large rocks (quivered)
 d - 2 throwing nets
Armour
 b - a +0 robe (worn)
Jewellery
 n - a cursed ring of teleportation {unknown}
Scrolls
 e - a scroll of magic mapping {unknown}
 g - 2 scrolls of teleportation {unknown}
 j - a scroll of identify {unknown}
 l - a scroll of fear {unknown}
Potions
 h - a potion of berserk rage {unknown}
 m - a potion of degeneration {unknown}
Comestibles
 f - a ration
 i - 2 chunks of flesh


   Skills:
 + Level 3.0 Fighting
 * Level 1.1 Short Blades
 + Level 4.1 Throwing
 - Level 0.3 Armour
 + Level 2.0 Dodging
 + Level 1.0 Stealth
 + Level 0.4 Spellcasting


You had 2 spell levels left.
You didn't know any spells.
Your spell library was empty.

Dungeon Overview and Level Annotations

Branches:
Dungeon (1/15)

Altars:


Innate Abilities, Weirdness & Mutations

You are too large for most types of armour.
You have tough skin. (AC +1)


Message History

You kill the kobold!
Your Fighting skill increases to level 3!
No target in view!
No target in view!
No target in view!
Things that are here:
a +0 short sword; a kobold corpse
l - a scroll labeled TIOCOTZ YNAM
m - a fuming dark potion Your library has no spells.
Eating one of 3 chunks of flesh.
You eat one of the 3 chunks of flesh.
This raw flesh tastes terrible.
There is an open door here.
There is an open door here.
You open the door.
There is an open door here.
Found a club.
You see here a club.
n - a blackened iron ring Are you sure you want to abandon this character and quit the game? (Confirm with "yes".)

#.#.# #.#.###.##
###.#.#####.#.##...#
...............+...#
.#######..#.#.##...#
.+........†...##...#
.########......#...#
.# ##.#...#...#####
## #.#...#........
######.#...#@.......
###
#...##.#...###......
..# #.†.##.....#
...... #.#
#...###....#
############### #.#
#.....#....#
#........# #.#
#..........####
#........# #.#
#...###.......#
#........# #.#
##............#
#..).....#
#.##########......#
#........#


There were no monsters in sight!

Vanquished Creatures
  A leopard gecko (D:1)
  A giant cockroach (D:1)
  2 hobgoblins (D:1)
  3 kobolds (D:1)
  6 bats (D:1)
  A frilled lizard (D:1)
  4 goblins (D:1)
  4 rats (D:1)
22 creatures vanquished.

Notes
Turn   | Place    | Note
-------+----------+-------------------------------------------
     0 | D:1      | Borgoz the Ogre Hunter began the quest for the Orb.
     0 | D:1      | Reached XP level 1. HP: 22/22 MP: 1/1
   566 | D:1      | Reached XP level 2. HP: 29/29 MP: 2/2
   685 | D:1      | Reached skill level 1 in Short Blades
   909 | D:1      | Reached skill level 1 in Stealth
   947 | D:1      | Reached XP level 3. HP: 21/36 MP: 3/3
  1178 | D:1      | Quit the game

Levels and vault maps discovered:
D:1:      dpeg_arrival_boxorama, layout_basic, wad_floor_pattern_untrapped

Skill      XL: |  1  2  3 |
---------------+----------+-----
Short Blades   | 1 |  1.1
Dodging        | 2 |  2.0
Stealth        | 1 |  1.0
Fighting       | 3 |  3.0
Throwing       | |  4.1
Armour         | |  0.3
Spellcasting   | |  0.4

Action                   || total
-------------------------++-------
Melee: Short sword       ||    97
Throw: Large rock        ||     5
  Eat: Chunk             ||     1
Armor: Robe              ||    42
Dodge: Dodged            ||    85

Table legend:
 A = Non-vault XP
 B = Vault XP
 C = Vault XP percentage of total XP
 D = Non-vault monster count
 E = Vault monster count
 F = Vault count percentage of total count
                 A         B        C        D         E       F
            +---------+---------+-------+---------+---------+-------
      Total |      36 |       0 |   0.0 |      22 |       0 |   0.0
            +---------+---------+-------+---------+---------+-------
        D:1 |      36 |       0 |   0.0 |      22 |       0 |   0.0
            +---------+---------+-------+---------+---------+-------
